 Dungeon Crawl Stone Soup version 0.15-a0-1206-g3bad1a6 (webtiles) character file.

33 MrVile the Grave Robber (level 3, 0/16 HPs)
             Began as a Vine Stalker Necromancer on June 1, 2014.
             Succumbed to kobold's curare-tipped needle
             ... on Level 3 of the Dungeon.
             The game lasted 00:08:19 (796 turns).

MrVile the Grave Robber (Vine Stalker Necromancer)   Turns: 796, Time: 00:08:19

HP   0/16        AC  8     Str 10      XL: 3   Next: 29%
MP   2/7         EV  9     Int 16      God:
Gold 53          SH  0     Dex 15      Spells:  2 memorised,  2 levels left

rFire  . . .     SeeInvis .       - Unarmed
rCold  . . .     Clarity  .     d - +2 ring mail
rNeg   . . .     rCorr    .     (no shield)
rPois  .         rRot     +     (no helmet)
rElec  .         Spirit   +     (no cloak)
SustAb .         Warding  .     (no gloves)
rMut   .         Stasis   .     r - +0 pair of boots
Gourm  .                        (no amulet)
MR     .....                    o - +1 ring of intelligence
                                j - ring of invisibility

@: lethally poisoned, very slightly contaminated, not resistant to hostile
enchantments, very unstealthy
A: fangs 2, regeneration 1, magic shield, antimagic bite, no device heal 3, rot
immunity
a: Evoke Invisibility


You were on level 3 of the Dungeon.
You were not hungry.

You visited 1 branch of the dungeon, and saw 3 of its levels.

You collected 53 gold pieces.

Inventory:

Hand weapons
 s - a +0 blowgun
Armour
 a - a +0 robe
 d - a +2 ring mail (worn)
 r - a +0 pair of boots (worn)
Comestibles
 c - a bread ration
 g - 5 fruits
 i - a meat ration
 q - a beef jerky
Scrolls
 e - a scroll of remove curse {unknown}
 f - a scroll of identify {unknown}
 h - a scroll of magic mapping {unknown}
 k - a scroll of teleportation {unknown}
 p - a scroll of recharging {unknown}
Jewellery
 j - a ring of invisibility (left hand)
 o - a +1 ring of intelligence (right hand)
Potions
 l - a potion of curing {unknown}
 m - a potion of heal wounds {unknown}
 n - a potion of brilliance {unknown}
Books
 b - a book of Necromancy

   Spells                             Type                      Level
   *Pain                              Necromancy                   1
   Animate Skeleton                   Necromancy                   1
   *Vampiric Draining                 Necromancy                   3
   Regeneration                       Charms/Necromancy            3
   Animate Dead                       Necromancy                   4
   Control Undead                     Necromancy                   4


   Skills:
 - Level 1.5 Dodging
 - Level 2.4 Stealth
 * Level 2.1 Unarmed Combat
 - Level 2.1 Spellcasting
 + Level 4.4 Necromancy


You had 2 spell levels left.
You knew the following spells:

 Your Spells              Type           Power        Failure   Level  Hunger
a - Pain                  Necr           ###.         10%         1    #......
b - Vampiric Draining     Necr           ###.......   21%         3    ####...


Dungeon Overview and Level Annotations

Branches:
Dungeon (3/15)

Altars:

Annotations:
D:2 Sigmund


Innate Abilities, Weirdness & Mutations

You have extremely sharp teeth.
Your natural rate of healing is unusually fast.
When hurt, damage is shared between your health and your magic reserves.
Your bite disrupts and absorbs the magic of your enemies.
Potions and wands cannot restore your health.
You are immune to rotting.


Message History

The kobold hits you but does no damage. x2
A bat comes into view.
You hit the kobold. Your bite misses the kobold.
The kobold is severely wounded.
You feel sick. The kobold hits you.
* * * LOW HITPOINT WARNING * * *
You hit the kobold.
You kill the kobold!
* * * LOW HITPOINT WARNING * * *
You feel sick. The bat closely misses you. The bat hits you but does no damage.
The bat hits you.
You have got your breath back.
The bat hits you but does no damage.
You see here an uncursed blowgun.
s - an uncursed blowgun
* * * LOW HITPOINT WARNING * * *
You feel sick. The bat closely misses you.
You closely miss the bat. Your bite misses the bat.
You feel yourself speed up.
You die...

... ....... .
.......##.#
.........#
........#
#.......#
#.......#
#...b...# #@##..#
#)##..#
##(##..####
#?.(....<.#
#######..##..##.#
..........##..##>#
#######.###..##.#
#.# #...#.#
###.###.#.#.#


You could see a bat.

Vanquished Creatures
  An orc (D:3)
  3 hobgoblins (D:1)
  4 jackals (D:1)
  5 kobolds
  5 bats (D:1)
  3 giant newts (D:1)
  6 goblins
  3 rats (D:1)
30 creatures vanquished.

Notes
Turn   | Place    | Note
--------------------------------------------------------------
     0 | D:1      | MrVile, the Vine Stalker Necromancer, began the quest for the Orb.
     0 | D:1      | Reached XP level 1. HP: 9/9 MP: 3/3
   113 | D:1      | Reached skill level 1 in Unarmed Combat
   113 | D:1      | Reached XP level 2. HP: 10/13 MP: 3/5
   431 | D:1      | Reached XP level 3. HP: 16/16 MP: 7/7
   436 | D:1      | Learned a level 3 spell: Vampiric Draining
   741 | D:2      | Noticed Sigmund
   796 | D:3      | Succumbed to kobold's curare-tipped needle

Action                   || total
-------------------------++-------
Melee: Unarmed           ||   116
